 Dungeon Crawl Stone Soup version 0.17-a0-1914-gde4187c (webtiles) character file.

164 pk666 the Magician (level 5, -2/28 HPs)
             Began as a Deep Elf Wizard on Sept 26, 2015.
             Killed by divine providence
             ... invoked by an orc priest
              (17 damage)
             ... on level 3 of the Dungeon.
             The game lasted 00:11:58 (3713 turns).

pk666 the Magician (Deep Elf Wizard)                Turns: 3713, Time: 00:11:58

Health: -2/28      AC:  2    Str:  4    XL:     5   Next: 21%
Magic:  3/15       EV: 12    Int: 24    God:
Gold:   181        SH:  0    Dex: 13    Spells: 5 memorised, 4 levels left

rFire  . . .     SeeInvis .     k - +3 dagger
rCold  . . .     Clarity  .     a - +0 robe
rNeg   . . .     SustAt   .     (no shield)
rPois  .         Gourm    .     b - +0 hat
rElec  .         Spirit   .     (no cloak)
rCorr  .         Warding  .     (no gloves)
rMut   .         Stasis   .     (no boots)
MR     .....                    (no amulet)
Stlth  ++........               (no ring)
                                (no ring)

@: repel missiles, not resistant to hostile enchantments, unstealthy
A: no striking features
a: no special abilities


You were on level 3 of the Dungeon.
You were not hungry.

You visited 1 branch of the dungeon, and saw 3 of its levels.

You collected 181 gold pieces.

Inventory:

Hand weapons
 k - a +3 dagger (weapon)
Armour
 a - a +0 robe (worn)
 b - a +0 hat (worn)
Jewellery
 w - a cursed ring of loudness {unknown}
Magical devices
 r - a wand of magic darts (12)
Scrolls
 e - a scroll of immolation {unknown}
 f - 2 scrolls of remove curse {unknown}
 g - 2 scrolls of recharging {unknown}
 l - a scroll of fog {unknown}
 n - a scroll of fear {unknown}
 u - a scroll of identify {unknown}
Potions
 i - 2 potions of resistance {unknown}
 j - a potion of degeneration {unknown}
 m - a potion of magic {unknown}
 p - a potion of heal wounds {unknown}
 s - a potion of poison {unknown}
 t - 2 potions of flight {unknown}
Books
 c - a book of Minor Magic

   Spells                             Type                      Level
   a - Magic Dart                     Conjuration                  1
   b - Blink                          Translocation                2
   c - Call Imp                       Summoning                    2
   d - Repel Missiles                 Charms/Air                   2
   e - Slow                           Hexes                        2
   f - Conjure Flame                  Conjuration/Fire             3
   g - Mephitic Cloud                 Conjuration/Poison/Air       3
Comestibles
 d - 3 bread rations
 h - a slice of pizza
 o - 2 fruits
 q - a meat ration
 v - a chunk of flesh


   Skills:
 - Level 2.4 Dodging
 - Level 2.4 Stealth
 + Level 5.7 Spellcasting
 + Level 3.5 Conjurations
   Level 1.1 Summonings
 - Level 1.1 Translocations
 + Level 1.5 Air Magic
 + Level 2.0 Poison Magic


You had 4 spell levels left.
You knew the following spells:

 Your Spells              Type           Power        Failure   Level  Hunger
d - Conjure Flame         Conj/Fire      ###.....     14%         3    #......
q - Blink                 Tloc           N/A          10%         2    None
w - Repel Missiles        Chrm/Air       ##....       12%         2    None
x - Mephitic Cloud        Conj/Pois/Air  ###.....     12%         3    #......
z - Magic Dart            Conj           ###.         1%          1    None


Dungeon Overview and Level Annotations

Branches:
Dungeon (3/15)

Altars:
Nemelex Xobeh

Annotations:
D:3 Robin


Message History

The magic dart hits the rat.
The rat is moderately wounded.
Casting: Magic Dart
Confirm with . or Enter, or press ? or * to list all spells.
Aiming: Magic Dart
Press: ? - help, Shift-Dir - straight line, f/p - rat
Aim: a rat (moderately wounded)
The magic dart hits the rat.
You kill the rat!
Casting: Magic Dart
Confirm with . or Enter, or press ? or * to list all spells.
You don't have enough magic to cast that spell.
Casting: Magic Dart
Confirm with . or Enter, or press ? or * to list all spells.
You don't have enough magic to cast that spell.
You see here a rat corpse.
The orc priest invokes the aid of Beogh against you.
Something smites you!
Ouch! That really hurt!
You die...

######## ##......## #........#
#### #........# #..#
###############........# ##(.####
...........o†...@......# #....)..
##...##########........###...####
###.†§o.## #........#.....# #
#####..### ##......##.##.## #
##...####..#####<.##.# #
###.).##.## ###.###.# # ###....#
#...##..# # ##..#####.##...## #
##....##....###


You could see an orc priest.

Vanquished Creatures
  5 adders
  4 gnolls
  An ooze (D:3)
  2 worms
  4 giant geckos
  9 orcs
  12 goblins
  6 hobgoblins
  8 kobolds
  A quokka (D:2)
  A ball python (D:2)
  3 bats
  A giant cockroach (D:2)
  4 giant newts
  4 rats
65 creatures vanquished.

Notes
Turn   | Place    | Note
--------------------------------------------------------------
     0 | D:1      | pk666 the Deep Elf Wizard began the quest for the Orb.
     0 | D:1      | Reached XP level 1. HP: 10/10 MP: 7/7
   704 | D:1      | Reached XP level 2. HP: 15/15 MP: 7/9
   902 | D:2      | Reached skill level 5 in Spellcasting
  1275 | D:2      | Reached XP level 3. HP: 7/19 MP: 0/11
  1279 | D:2      | Learned a level 2 spell: Blink
  1282 | D:2      | Learned a level 2 spell: Repel Missiles
  1286 | D:2      | Learned a level 3 spell: Conjure Flame
  1290 | D:2      | Learned a level 3 spell: Mephitic Cloud
  1911 | D:2      | Reached skill level 1 in Poison Magic
  1923 | D:2      | Reached skill level 1 in Air Magic
  1923 | D:2      | Reached XP level 4. HP: 16/24 MP: 9/13
  2484 | D:2      | Found a sparkling altar of Nemelex Xobeh.
  3216 | D:3      | Noticed Robin
  3339 | D:2      | Reached XP level 5. HP: 7/28 MP: 8/15
  3713 | D:3      | Killed from afar by an orc priest

Vault maps used:
D:1:      minmay_arrival_widening_spiral_wide, kennysheep_small_spiral
D:2:      first_bread, lemuel_statue_altar
D:3:      serial_bayou_lagoon_b, uniq_robin

Action                   |  1- 3 |  4- 6 || total
-------------------------+-------+-------++-------
Melee: Dagger            |       |     2 ||     2
 Cast: Magic Dart        |    86 |   102 ||   188
       Repel Missiles    |     1 |       ||     1
       Conjure Flame     |       |     6 ||     6
       Mephitic Cloud    |       |     4 ||     4
  Eat: Chunk             |     3 |     5 ||     8
